 Dungeon Crawl Stone Soup version bcrawl-1.22 (webtiles) character file.

Game seed: 578449618778409450

287 Morbidden the Sneak (level 6, -6/37 HPs)
             Began as a Skeleton Archaeologist on May 18, 2020.
             Mangled by an ogre
             ... wielding a +0 giant club
              (10 damage)
             ... on level 4 of the Dungeon.
             The game lasted 00:08:33 (3628 turns).

Morbidden the Sneak (Skeleton Archaeologist)        Turns: 3628, Time: 00:08:34

Health: -6/37      AC: 14    Str: 19    XL:     6   Next: 8%
Magic:  0/10       EV:  9    Int: 13    God:
Gold:   221        SH:  0    Dex:  7    Spells: 11/11 levels left

rFire    . . .     SeeInvis .   a - +0 whip
rCold    + . .     Gourm    .   (no shield)
rNeg     + + +     Faith    .   o - +0 chain mail
rPois    ∞         Spirit   +   c - +1 hat
rElec    .         Reflect  .   g - +2 cloak
rCorr    .         Harm     .   (no gloves)
MR       .....                  d - +1 pair of boots
Stlth    ..........             j - amulet of regeneration
HPRegen  0.12/turn              (no ring)
MPRegen  0.12/turn              (no ring)

@: studying Fighting
A: no food or potions, cold resistance 1, deterioration 1, negative energy
resistance 3, powered by death 1, torment resistance, unbreathing, magic shield,
sturdy frame 1, spell healing
a: no special abilities


You were on level 4 of the Dungeon.
You were not hungry.

You visited 1 branch of the dungeon, and saw 4 of its levels.

You collected 221 gold pieces.

Inventory:

Hand Weapons
 a - a +0 whip (weapon)
 m - a +0 morningstar of holy wrath
Missiles
 n - 90 tomahawks (quivered)
Armour
 c - a +1 hat (worn)
 d - a +1 pair of boots (worn)
 g - a +2 cloak (worn)
 o - a +0 chain mail (worn)
Jewellery
 j - an amulet of regeneration (around neck)
 p - a cursed amulet of inaccuracy {unknown}
Scrolls
 b - 3 scrolls of enchant weapon {unknown}
 e - a scroll of magic mapping
 h - a scroll of noise {unknown}
 i - 2 scrolls of remove curse
 k - a scroll of immolation {unknown}
 l - a scroll of enchant armour {unknown}
 q - a scroll of identify {unknown}
 r - a scroll of teleportation {unknown}
Books
 f - a manual of Fighting


   Skills:
 * Level 3.4 Fighting
 + Level 3.7 Maces & Flails
 + Level 0.1 Throwing
 + Level 2.1 Armour
 + Level 3.8 Dodging
 + Level 4.1 Stealth
 * Level 3.1 Spellcasting


You had 11 spell levels left.
You didn't know any spells.
Your spell library contained the following spells:

 Spells                   Type           Power        Failure   Level  Hunger
 Ensorcelled Hibernation  Hex/Ice        #.....       92%         2    N/A
 Borgnjor's Vile Clutch   Necr/Erth      #.........   100%        6    N/A
 Darkness                 Hex            #.........   100%        6    N/A
 Infestation              Hex/Tmut/Pois  #........    100%        6    N/A
 Shadow Creatures         Summ           N/A          100%        6    N/A
 Time Stop                Chrm/Tloc      N/A          100%        8    N/A

Dungeon Overview and Level Annotations

Branches:
Dungeon (4/12)
 Temple: D:4-7

Altars:
Sif Muna

Annotations:
D:2 1 runed door


Innate Abilities, Weirdness & Mutations

You do not eat or drink.
You are immune to poison.
Your flesh is cold resistant. (rC+)
Your body sometimes deteriorates upon taking damage.
You are immune to negative energy. (rN+++)
You regenerate a little health from kills.
You are immune to unholy pain and torment.
You can survive without breathing.
When hurt, damage is shared between your health and your magic reserves.
Your movements are slightly less encumbered by armour. (ER -2)
Casting spells heals you.


Message History

The ogre hits you with a +0 giant club!
The orc throws a tomahawk.
The tomahawk hits you.
You are too injured to fight recklessly!
No path to travel!
The orc throws a tomahawk.
The tomahawk barely misses you.
The orc throws a tomahawk.
The tomahawk misses you.
The orc throws a tomahawk.
The tomahawk hits you but does no damage.
The ogre hits you with a +0 giant club!
* * * LOW HITPOINT WARNING * * *
There is an escape hatch in the ceiling here.
You see here a long sword.
Throwing (i - inventory)
n - 91 tomahawks (quivered)
Press: ? - help, Shift-Dir - straight line, f - ogre
Aim: an ogre, wielding a +0 giant club (heavily wounded)
You throw a tomahawk.
The tomahawk hits the ogre but does no damage.
The ogre is heavily wounded.
The ogre hits you with a +0 giant club!
You die...

#..# #.o# #<.# #%)######
#...[...# ##.####.# #.# #.#
#O# #.## ##@## #..##########
#...######.#.####.#......>..
#.........###.....#.#######.
#..######..#.####.#.# #.
#.[# #.#.## #.#.# #. #..#
#)### #.#.# ## #..# #.#
#.#.# ## #..######.# #.#.#
#. #.........# #.#.# #.


You could see an ogre and an orc.

Vanquished Creatures
  An ogre (D:4)
  2 worker ants
  3 adders
  3 oozes
  4 worms (D:2)
  4 dart slugs
  5 leopard geckos
  9 orcs (D:3)
  2 giant cockroaches
  14 hobgoblins
  9 kobolds
  2 quokkas (D:2)
  3 ball pythons
  4 bats
  3 frilled lizards
  2 goblins
  5 rats
75 creatures vanquished.

Notes
Turn   | Place    | Note
-------+----------+-------------------------------------------
     0 | D:1      | Morbidden the Skeleton Archaeologist began the quest for
                  | the Orb.
     0 | D:1      | Reached XP level 1. HP: 12/12 MP: 1/1
   112 | D:1      | Reached skill level 1 in Spellcasting
   112 | D:1      | Reached XP level 2. HP: 8/16 MP: 2/4
  1016 | D:1      | Reached skill level 4 in Stealth
  1016 | D:1      | Reached XP level 3. HP: 18/20 MP: 4/6
  1753 | D:2      | Reached skill level 1 in Armour
  1862 | D:2      | Reached XP level 4. HP: 26/26 MP: 7/7
  1874 | D:2      | Found a shimmering blue altar of Sif Muna.
  1921 | D:2      | Found a runed door.
  2555 | D:3      | Reached XP level 5. HP: 27/30 MP: 6/8
  2555 | D:3      | Identified a scroll of acquirement
  2556 | D:3      | Identified the ring of Carotuc {rF+ Dex+2} (You acquired it
                  | on level 3 of the Dungeon)
  3501 | D:4      | Noticed an ogre
  3518 | D:4      | Killed an ogre
  3518 | D:4      | Gained mutation: You regenerate a little health from kills.
                  | [Skeleton growth]
  3518 | D:4      | Reached XP level 6. HP: 22/37 MP: 4/10
  3628 | D:4      | Mangled by an ogre

Skill      XL: |  1  2  3  4  5 |
---------------+----------------+-----
Spellcasting   | 1 2 3 |  3.1
Stealth        | 4 |  4.1
Maces & Flails | 2 3 |  3.7
Armour         | 1 2 |  2.1
Fighting       | 2 3 |  3.4
Throwing       | |  0.1
Dodging        | |  3.8

Action                   |  1- 3 |  4- 6 || total
-------------------------+-------+-------++-------
Melee: Whip              |   227 |   311 ||   538
Throw: Tomahawk          |       |     4 ||     4
  Use: Scroll            |     1 |     1 ||     2
 Stab: Sleeping          |     4 |       ||     4
Armor: Scale mail        |    97 |   116 ||   213
       Robe              |     3 |       ||     3
       Chain mail        |       |    56 ||    56
Dodge: Dodged            |    86 |   192 ||   278
